| TOP OF THE 1ST |
|
Texas Rangers batting - Pitching for New York Yankees : LHP Francisco Rivas
|
|
Pitching: LHP Francisco Rivas
|
|
|
Batting: RHB David Casas
|
0-0: Called Strike 0-1: Ball 1-1: Ball 2-1: Foul Ball, location: 2F 2-2: Foul Ball, location: 2F 2-2: Foul Ball, location: 2F 2-2: Foul Ball, location: 2F 2-2: Foul Ball, location: 2F 2-2: Ball 3-2: Foul Ball, location: 2F 3-2: Ground out 6-3 (Groundball, 6, EV 106.9 MPH)
|
|
Batting: SHB John Giesbrecht
|
0-0: Ball 1-0: Ball 2-0: Ground out 6-3 (Groundball, 56, EV 103.8 MPH)
|
|
Batting: RHB Bert Clark
|
0-0: Ground out 6-3 (Groundball, 4MS, EV 81.9 MPH)
|
| Top of the 1st over - 0 runs, 0 hits, 0 errors, 0 left on base; Texas 0 - New York 0 |
| BOTTOM OF THE 1ST |
|
New York Yankees batting - Pitching for Texas Rangers : RHP Hector Aguado
|
|
Pitching: RHP Hector Aguado
|
|
|
Batting: LHB Jason Peck
|
0-0: Ball 1-0: Ball 2-0: Ball 3-0: Called Strike 3-1: Foul Ball, location: 2F 3-2: Foul Ball, location: 2F 3-2: Base on Balls
|
|
Batting: RHB C.J. Richerson
|
0-0: Ball 1-0: Called Strike 1-1: Ball 2-1: Ball 3-1: Foul Ball, location: 2F 3-2: DOUBLE (Line Drive, 9LM, EV 103.1 MPH) Jason Peck to third Jason Peck scores
|
|
Batting: SHB Bartholomeu Chambino
|
0-0: Foul Ball, location: 2F 0-1: Foul Ball, location: 2F 0-2: Ball 1-2: 2-RUN HOME RUN (Flyball, 9D, EV 96.9 MPH), Distance : 402 ft
|
|
Batting: LHB David Bramble
|
0-0: Called Strike 0-1: Ball 1-1: Ground out 4-3 (Groundball, 4, EV 90.0 MPH)
|
|
Batting: LHB Evan Torraville
|
0-0: Ball 1-0: Ball 2-0: SINGLE (Groundball, 34S, EV 73.1 MPH) (infield hit)
|
|
Batting: LHB Jordan de Jesus
|
0-0: Fielders Choice at 2nd, 6-4 (Groundball, 6MD, EV 107.5 MPH)
|
|
Batting: SHB Billy Durham
|
0-0: 2-RUN HOME RUN (Flyball, 89XD, EV 105.6 MPH), Distance : 423 ft
|
|
Batting: RHB Kai Bellow
|
0-0: Ball 1-0: Called Strike 1-1: Called Strike 1-2: Ball 2-2: SINGLE (Line Drive, 78S, EV 97.5 MPH)
|
|
Batting: RHB Sam Saunders
|
0-0: Ball 1-0: Ball 2-0: Called Strike 2-1: Fielders Choice at 2nd, 5-4 (Groundball, 5, EV 85.6 MPH)
|
| Bottom of the 1st over - 5 runs, 5 hits, 0 errors, 1 left on base; Texas 0 - New York 5 |
| TOP OF THE 2ND |
|
Texas Rangers batting - Pitching for New York Yankees : LHP Francisco Rivas
|
|
Batting: RHB Rich Stinson
|
0-0: Fly out, F7 (Flyball, 7, EV 93.8 MPH)
|
|
Batting: RHB Casey Semenza
|
0-0: Ball 1-0: Ball 2-0: Called Strike 2-1: Called Strike 2-2: DOUBLE (Line Drive, 78XD, EV 105.6 MPH)
|
|
Batting: SHB Vince Ealy
|
0-0: Fly out, F9 (Flyball, 9S, EV 90.0 MPH)
|
|
Batting: LHB Johan de Vries
|
0-0: Foul Ball, location: 2F 0-1: Called Strike 0-2: Foul Ball, location: 2F 0-2: Strikes out swinging
|
| Top of the 2nd over - 0 runs, 1 hit, 0 errors, 1 left on base; Texas 0 - New York 5 |
| BOTTOM OF THE 2ND |
|
New York Yankees batting - Pitching for Texas Rangers : RHP Hector Aguado
|
|
Batting: LHB Jason Peck
|
0-0: Called Strike 0-1: Swinging Strike 0-2: Strikes out looking
|
|
Batting: RHB C.J. Richerson
|
0-0: Called Strike 0-1: Ball 1-1: Called Strike 1-2: Ball 2-2: SINGLE (Groundball, 56D, EV 99.4 MPH) (infield hit)
|
|
Batting: SHB Bartholomeu Chambino
|
0-0: Ball 1-0: Called Strike 1-1: Ball 2-1: Ball 3-1: Fly out, F9 (Flyball, 9S, EV 90.6 MPH)
|
|
Batting: LHB David Bramble
|
0-0: Called Strike 0-1: Foul Ball, location: 2F 0-2: Fly out, F2 (Popup, 5SF, EV 67.5 MPH)
|
| Bottom of the 2nd over - 0 runs, 1 hit, 0 errors, 1 left on base; Texas 0 - New York 5 |
| TOP OF THE 3RD |
|
Texas Rangers batting - Pitching for New York Yankees : LHP Francisco Rivas
|
|
Batting: RHB Zhao-ji Chi
|
0-0: Swinging Strike 0-1: Ground out 6-3 (Groundball, 6, EV 106.9 MPH)
|
|
Batting: RHB Alex Sandoval
|
0-0: Called Strike 0-1: Ball 1-1: SINGLE (Line Drive, 78M, EV 101.3 MPH)
|
|
Batting: RHB David Casas
|
0-0: Ball Alex Sandoval steals 2nd base 1-0: Ball 2-0: Ground out 6-3 (Groundball, 6, EV 81.3 MPH) Alex Sandoval to third
|
|
Batting: SHB John Giesbrecht
|
0-0: Ball 1-0: Called Strike 1-1: Foul Ball, location: 2F 1-2: Strikes out swinging
|
| Top of the 3rd over - 0 runs, 1 hit, 0 errors, 1 left on base; Texas 0 - New York 5 |
| BOTTOM OF THE 3RD |
|
New York Yankees batting - Pitching for Texas Rangers : RHP Hector Aguado
|
|
Batting: LHB Evan Torraville
|
0-0: Ball 1-0: Foul Ball, location: 2F 1-1: Foul Ball, location: 2F 1-2: Fly out, F8 (Flyball, 89D, EV 93.8 MPH)
|
|
Batting: LHB Jordan de Jesus
|
0-0: Ball 1-0: Foul Ball, location: 2F 1-1: Ground out 6-3 (Groundball, 6, EV 101.9 MPH)
|
|
Batting: SHB Billy Durham
|
0-0: Called Strike 0-1: Swinging Strike 0-2: Strikes out swinging
|
| Bottom of the 3rd over - 0 runs, 0 hits, 0 errors, 0 left on base; Texas 0 - New York 5 |
| TOP OF THE 4TH |
|
Texas Rangers batting - Pitching for New York Yankees : LHP Francisco Rivas
|
|
Batting: RHB Bert Clark
|
0-0: Called Strike 0-1: Ball 1-1: Ground out 6-3 (Groundball, 6, EV 79.4 MPH)
|
|
Batting: RHB Rich Stinson
|
0-0: Foul Ball, location: 2F 0-1: Called Strike 0-2: Ground out 5-3 (Groundball, 25, EV 81.3 MPH)
|
|
Batting: RHB Casey Semenza
|
0-0: Ball 1-0: DOUBLE (Line Drive, 7LM, EV 106.9 MPH)
|
|
Batting: SHB Vince Ealy
|
0-0: 2-RUN HOME RUN (Flyball, 7LD, EV 93.1 MPH), Distance : 337 ft
|
|
Batting: LHB Johan de Vries
|
0-0: SINGLE (Line Drive, 56D, EV 93.8 MPH)
|
|
Batting: RHB Zhao-ji Chi
|
0-0: Ball 1-0: Ball 2-0: Ball Johan de Vries steals 2nd base 3-0: Base on Balls
|
|
Batting: RHB Alex Sandoval
|
0-0: Reached on error, E8 (Flyball, 8RD, EV 89.4 MPH) Johan de Vries scores Zhao-ji Chi to third
|
|
Batting: RHB David Casas
|
0-0: 3-RUN HOME RUN (Flyball, 9D, EV 96.3 MPH), Distance : 367 ft
|
|
Batting: SHB John Giesbrecht
|
0-0: Called Strike 0-1: Reached on error, E3 (Groundball, 34S, EV 88.1 MPH)
|
|
Pitching: RHP Jose Tavira
|
|
|
Batting: RHB Bert Clark
|
0-0: Called Strike 0-1: Ball 1-1: Ball 2-1: Called Strike 2-2: Strikes out swinging
|
| Top of the 4th over - 6 runs, 4 hits, 2 errors, 1 left on base; Texas 6 - New York 5 |
| BOTTOM OF THE 4TH |
|
New York Yankees batting - Pitching for Texas Rangers : RHP Hector Aguado
|
|
Batting: RHB Kai Bellow
|
0-0: Ground out 6-3 (Groundball, 6, EV 91.3 MPH)
|
|
Batting: RHB Sam Saunders
|
0-0: Ball 1-0: Swinging Strike 1-1: Ball 2-1: Swinging Strike 2-2: Foul Ball, location: 2F 2-2: Ball 3-2: Base on Balls
|
|
Pitching: RHP Nate Burnett
|
|
|
Batting: LHB Jason Peck
|
0-0: Called Strike 0-1: Ball 1-1: Ball 2-1: Called Strike 2-2: Foul Ball, location: 2F 2-2: Foul Ball, location: 2F 2-2: Foul Ball, location: 2F 2-2: Ball 3-2: Foul Ball, location: 2F 3-2: 2-RUN HOME RUN (Flyball, 7D, EV 101.9 MPH), Distance : 380 ft
|
|
Batting: RHB C.J. Richerson
|
0-0: Called Strike 0-1: Foul Ball, location: 2F 0-2: Strikes out looking
|
|
Batting: SHB Bartholomeu Chambino
|
0-0: Called Strike 0-1: Ball 1-1: Swinging Strike 1-2: Foul Ball, location: 2F 1-2: Foul Ball, location: 2F 1-2: Fly out, F9 (Flyball, 89S, EV 94.4 MPH)
|
| Bottom of the 4th over - 2 runs, 1 hit, 0 errors, 0 left on base; Texas 6 - New York 7 |
| TOP OF THE 5TH |
|
Texas Rangers batting - Pitching for New York Yankees : RHP Jose Tavira
|
|
Batting: RHB Rich Stinson
|
0-0: Fly out, F4 (Popup, 13S, EV 79.4 MPH)
|
|
Pinch Hitting: LHB Cody Schumacher
|
0-0: Ball 1-0: Called Strike 1-1: Fly out, F8 (Flyball, 78XD, EV 86.3 MPH)
|
|
Batting: SHB Vince Ealy
|
0-0: Called Strike 0-1: Foul Ball, location: 2F 0-2: Ball 1-2: Foul Ball, location: 2F 1-2: Foul Ball, location: 2F 1-2: Fly out, F5 (Popup, 5S, EV 80.0 MPH)
|
| Top of the 5th over - 0 runs, 0 hits, 0 errors, 0 left on base; Texas 6 - New York 7 |
| BOTTOM OF THE 5TH |
|
New York Yankees batting - Pitching for Texas Rangers : RHP Nate Burnett
|
|
Now at 1B: Da Vo
|
|
|
Batting: LHB David Bramble
|
0-0: Called Strike 0-1: Ball 1-1: Ball 2-1: Fly out, F9 (Line Drive, 9D, EV 96.3 MPH)
|
|
Batting: LHB Evan Torraville
|
0-0: Ground out U3 (Groundball, 3S, EV 83.8 MPH)
|
|
Batting: LHB Jordan de Jesus
|
0-0: Called Strike 0-1: Ball 1-1: Ball 2-1: Called Strike 2-2: Ground out 6-3 (Groundball, 6, EV 85.6 MPH)
|
| Bottom of the 5th over - 0 runs, 0 hits, 0 errors, 0 left on base; Texas 6 - New York 7 |
| TOP OF THE 6TH |
|
Texas Rangers batting - Pitching for New York Yankees : RHP Jose Tavira
|
|
Batting: LHB Johan de Vries
|
0-0: Ball 1-0: Ball 2-0: Called Strike 2-1: Ball 3-1: Base on Balls
|
|
Batting: RHB Zhao-ji Chi
|
0-0: Foul Ball, location: 2F 0-1: Ball 1-1: Called Strike Johan de Vries steals 2nd base (no throw) 1-2: Ball 2-2: Foul Ball, location: 2F 2-2: Ball 3-2: Strikes out looking
|
|
Batting: RHB Alex Sandoval
|
0-0: Called Strike Johan de Vries steals 3rd base 0-1: Fly out, F1 (Line Drive, P, EV 68.1 MPH)
|
|
Batting: RHB David Casas
|
0-0: Foul Ball, location: 2F 0-1: Ball 1-1: Ball 2-1: Swinging Strike 2-2: Foul Ball, location: 2F 2-2: Foul Ball, location: 2F 2-2: Ball 3-2: Base on Balls
|
|
Pitching: RHP Juan Hurtado
|
|
|
Batting: SHB John Giesbrecht
|
0-0: Called Strike Balk! Johan de Vries scores David Casas to second 0-1: Foul Ball, location: 2F 0-2: Foul Ball, location: 2F 0-2: Ball 1-2: Strikes out looking
|
| Top of the 6th over - 1 run, 0 hits, 0 errors, 1 left on base; Texas 7 - New York 7 |
| BOTTOM OF THE 6TH |
|
New York Yankees batting - Pitching for Texas Rangers : RHP Nate Burnett
|
|
Batting: SHB Billy Durham
|
0-0: Ball 1-0: Ground out 6-3 (Groundball, 6, EV 100.0 MPH)
|
|
Batting: RHB Kai Bellow
|
0-0: Ball 1-0: Foul Ball, location: 2F 1-1: Foul Ball, location: 2F 1-2: Ball 2-2: Ground out 4-3 (Groundball, 4D, EV 100.0 MPH)
|
|
Batting: RHB Sam Saunders
|
0-0: Called Strike 0-1: Reached on error, E9 (Line Drive, 9S, EV 110.6 MPH)
|
|
Batting: LHB Jason Peck
|
0-0: Foul Ball, location: 2F 0-1: Ball 1-1: Ball 2-1: SINGLE (Groundball, 6MS, EV 66.9 MPH) (infield hit) Sam Saunders to third
|
|
Batting: RHB C.J. Richerson
|
0-0: Called Strike 0-1: 3-RUN HOME RUN (Flyball, 7LD, EV 91.9 MPH), Distance : 328 ft
|
|
Pitching: RHP John Bialon
|
|
|
Batting: SHB Bartholomeu Chambino
|
0-0: Swinging Strike 0-1: Ball 1-1: SINGLE (Groundball, 4D, EV 103.8 MPH)
|
|
Batting: LHB David Bramble
|
0-0: Ball Bartholomeu Chambino steals 2nd, throwing error, E2 Bartholomeu Chambino to third 1-0: Fly out, F9 (Flyball, 89S, EV 91.9 MPH)
|
| Bottom of the 6th over - 3 runs, 3 hits, 2 errors, 1 left on base; Texas 7 - New York 10 |
| TOP OF THE 7TH |
|
Texas Rangers batting - Pitching for New York Yankees : RHP Juan Hurtado
|
|
Batting: RHB Bert Clark
|
0-0: Called Strike 0-1: Ball 1-1: Swinging Strike 1-2: Ball 2-2: Foul Ball, location: 2F 2-2: Fly out, F4 (Popup, 3S, EV 85.0 MPH)
|
|
Batting: RHB Rich Stinson
|
0-0: Ball 1-0: Foul Ball, location: 2F 1-1: Swinging Strike 1-2: Strikes out looking
|
|
Batting: LHB Da Vo
|
0-0: Ball 1-0: Ball 2-0: Fly out, F7 (Line Drive, 7D, EV 97.5 MPH)
|
| Top of the 7th over - 0 runs, 0 hits, 0 errors, 0 left on base; Texas 7 - New York 10 |
| BOTTOM OF THE 7TH |
|
New York Yankees batting - Pitching for Texas Rangers : RHP John Bialon
|
|
Batting: LHB Evan Torraville
|
0-0: Called Strike 0-1: Ball 1-1: Swinging Strike 1-2: Ball 2-2: Strikes out swinging, 2-3 out at first.
|
|
Batting: LHB Jordan de Jesus
|
0-0: Ball 1-0: Fly out, F5 (Popup, 5S, EV 64.4 MPH)
|
|
Batting: SHB Billy Durham
|
0-0: Called Strike 0-1: Reached on error, E2 (Groundball, 2R, EV 65.0 MPH)
|
|
Batting: RHB Kai Bellow
|
0-0: Called Strike 0-1: Ground out 6-3 (Groundball, 56, EV 81.9 MPH)
|
| Bottom of the 7th over - 0 runs, 0 hits, 1 error, 1 left on base; Texas 7 - New York 10 |
| TOP OF THE 8TH |
|
Texas Rangers batting - Pitching for New York Yankees : RHP Juan Hurtado
|
|
Batting: SHB Vince Ealy
|
0-0: Called Strike 0-1: Called Strike 0-2: Ball 1-2: Strikes out swinging
|
|
Batting: LHB Johan de Vries
|
0-0: Ball 1-0: Fly out, F7 (Flyball, 7LS, EV 88.1 MPH)
|
|
Batting: RHB Zhao-ji Chi
|
0-0: Ball 1-0: Ball 2-0: Foul Ball, location: 2F 2-1: Ball 3-1: Called Strike 3-2: Foul Ball, location: 2F 3-2: Strikes out looking
|
| Top of the 8th over - 0 runs, 0 hits, 0 errors, 0 left on base; Texas 7 - New York 10 |
| BOTTOM OF THE 8TH |
|
New York Yankees batting - Pitching for Texas Rangers : RHP John Bialon
|
|
Batting: RHB Sam Saunders
|
0-0: Ball 1-0: Ball 2-0: SINGLE (Groundball, 6MD, EV 110.0 MPH)
|
|
Batting: LHB Jason Peck
|
0-0: Sac Bunt to 15 - play at first, batter OUT! 1-3 Sam Saunders to second
|
|
Batting: RHB C.J. Richerson
|
0-0: Ball 1-0: Ball 2-0: Called Strike 2-1: Foul Ball, location: 2F 2-2: Strikes out swinging
|
|
Batting: SHB Bartholomeu Chambino
|
0-0: Ball 1-0: Ball 2-0: Ball 3-0: Called Strike 3-1: Base on Balls
|
|
Batting: LHB David Bramble
|
0-0: Ball 1-0: Called Strike 1-1: Ball 2-1: Ball 3-1: Foul Ball, location: 2F 3-2: Strikes out swinging
|
| Bottom of the 8th over - 0 runs, 1 hit, 0 errors, 2 left on base; Texas 7 - New York 10 |
| TOP OF THE 9TH |
|
Texas Rangers batting - Pitching for New York Yankees : RHP Juan Hurtado
|
|
Pitching: LHP Robert Cruz
|
|
|
Batting: RHB Alex Sandoval
|
0-0: Called Strike 0-1: Ball 1-1: Fly out, F4 (Flyball, 34D, EV 85.6 MPH)
|
|
Batting: RHB David Casas
|
0-0: Ball 1-0: Ball 2-0: Ball 3-0: Base on Balls
|
|
Batting: SHB John Giesbrecht
|
0-0: Ball 1-0: Swinging Strike 1-1: Swinging Strike 1-2: Ball 2-2: Ball 3-2: Strikes out swinging
|
|
Batting: RHB Bert Clark
|
0-0: Ball 1-0: Called Strike 1-1: Foul Ball, location: 2F 1-2: Fielders Choice at 2nd, 6-4 (Groundball, 6, EV 86.9 MPH)
|
| Top of the 9th over - 0 runs, 0 hits, 0 errors, 1 left on base; Texas 7 - New York 10 |
|